 Dungeon Crawl Stone Soup version 0.24-a0-581-gc0fa6600bf (webtiles) character file.

Game seed: 1154957468034856621

176822 Ijustatesigmund the Blocker (level 17, -8/136 HPs)
             Began as a Gnoll Fighter on Aug 24, 2019.
             Was the Champion of Okawaru.
             Mangled by a fire giant
             ... wielding a +1 great sword of flaming
              (10 damage)
             ... on level 15 of the Dungeon.
             The game lasted 01:37:28 (33294 turns).

Ijustatesigmund the Blocker (Gnoll Fighter)        Turns: 33294, Time: 01:37:28

Health: -8/136     AC: 29    Str: 22    XL:     17   Next: 84%
Magic:  32/32      EV: 18    Int: 13    God:    Okawaru [******]
Gold:   2299       SH:  0    Dex: 19    Spells: 19/39 levels left

rFire    . . .     SeeInvis .   I - +12 glaive of Prune {chop}
rCold    . . .     Gourm    .   (shield currently unavailable)
rNeg     + . .     Faith    .   b - +7 pearl dragon scales
rPois    +         Spirit   .   d - +0 hat {MR+}
rElec    .         Reflect  .   S - scarf {repulsion}
rCorr    +         Harm     .   U - +1 pair of gloves {Str+3}
MR       ++...                  A - +2 pair of boots {Stlth+}
Stlth    +++++.....             (no amulet)
HPRegen  0.32/turn              H - ring of resist corrosion
MPRegen  0.23/turn              G - ring of poison resistance

@: repel missiles
A: distributed training, fangs 1, strong nose
}: 1/15 runes: gossamer
a: Heroism, Finesse, Renounce Religion


You were on level 15 of the Dungeon.
You worshipped Okawaru.
Okawaru was exalted by your worship.
You were very hungry.

You visited 5 branches of the dungeon, and saw 28 of its levels.

You collected 2638 gold pieces.
You spent 339 gold pieces at shops.

Inventory:

Hand Weapons
 I - the +12 glaive of Prune (weapon) {chop}
   (You found it on level 14 of the Dungeon)

   It inflicts extra damage upon your enemies.
 O - the +8 whip "Snakebite" {curare, rPois}
   (You found it on level 3 of the Lair of Beasts)

   It poisons the flesh of those it strikes.
   It protects you from poison.
Missiles
 s - 13 javelins (quivered)
 L - 3 datura-tipped darts
 Q - 13 silver javelins
Armour
 b - +7 pearl dragon scales (worn)
 c - a +0 shield of reflection
 d - a +0 hat of magic resistance (worn)
 k - a scarf of spirit shield
 p - the +0 helmet "Sosch" {rElec rN+ Str-3}
   (You found it on level 8 of the Dungeon)

   It affects your strength (-3).
   It insulates you from electricity.
   It protects you from negative energy.
 z - a +1 pair of gloves
 A - a +2 pair of boots of stealth (worn)
 F - a +2 plate armour of cold resistance
 S - a scarf of repulsion (worn)
 U - a +1 pair of gloves of strength (worn)
Jewellery
 j - a +2 ring of evasion
 w - an uncursed ring of ice
 G - a ring of poison resistance (right hand)
 H - a ring of resist corrosion (left hand)
 T - an uncursed ring of protection from fire
 V - an uncursed ring of protection from fire
Wands
 g - a wand of clouds (2)
 i - a wand of acid (1)
 l - a wand of iceblast (6)
 q - a wand of flame (14)
 t - a wand of paralysis (7)
 J - a wand of polymorph (15)
Scrolls
 h - 5 scrolls of identify
 n - 14 scrolls of remove curse
 u - 2 scrolls of amnesia
 C - 3 scrolls of immolation
 N - 2 scrolls of holy word
 Y - 4 scrolls of fog
Potions
 a - 2 potions of might
 e - a potion of heal wounds
 o - 5 potions of flight
 r - 3 potions of haste
 x - 7 potions of lignification
 D - 6 potions of ambrosia
 E - a potion of cancellation {unknown}
 M - 3 potions of mutation
 P - a potion of brilliance
Miscellaneous
 y - a phantom mirror
 B - a fan of gales
 X - a phial of floods
Comestibles
 f - 32 rations


   Skills:
 + Level 13.0 Fighting
 + Level 11.6 Short Blades
 + Level 11.6 Long Blades
 + Level 11.6 Axes
 + Level 12.3 Maces & Flails
 + Level 11.6 Polearms
 + Level 11.6 Staves
 + Level 11.6 Slings
 + Level 11.6 Bows
 + Level 11.6 Crossbows
 + Level 11.6 Throwing
 + Level 13.0 Armour
 + Level 11.6 Dodging
 + Level 11.6 Stealth
 + Level 13.0 Shields
 + Level 11.6 Unarmed Combat
 + Level 11.6 Spellcasting
 + Level 9.9 Conjurations
 + Level 9.9 Hexes
 + Level 9.9 Charms
 + Level 9.9 Summonings
 + Level 9.9 Necromancy
 + Level 9.9 Translocations
 + Level 9.9 Transmutations
 + Level 9.9 Fire Magic
 + Level 9.9 Ice Magic
 + Level 9.9 Air Magic
 + Level 9.9 Earth Magic
 + Level 9.9 Poison Magic
 + Level 12.5 Invocations
 + Level 11.6 Evocations


You had 19 spell levels left.
You knew the following spells:

 Your Spells              Type           Power        Failure   Level  Hunger
a - Passwall              Tmut/Erth      ####....     1%          2    None
b - Summon Butterflies    Summ           ####....     1%          1    None
c - Cause Fear            Hex            ####......   3%          4    ###....
d - Spider Form           Tmut/Pois      ####......   1%          3    None
e - Apportation           Tloc           ####..       1%          1    None
f - Lesser Beckoning      Tloc           ####......   1%          3    None
g - Deflect Missiles      Chrm/Air       ####......   52%         6    ######.

Your spell library contained the following spells:

 Spells                   Type           Power        Failure   Level  Hunger
 Sandblast                Erth           ####..       1%          1    None
 Sting                    Conj/Pois      ####         1%          1    None
 Summon Small Mammal      Summ           ####         1%          1    None
 Call Imp                 Summ           ####....     1%          2    None
 Call Canine Familiar     Summ           ####....     1%          3    None
 Ignite Poison            Fire/Tmut/Pois ####....     1%          3    None
 Stone Arrow              Conj/Erth      ####..       1%          3    None
 Summon Guardian Golem    Hex/Summ       ####....     1%          3    None
 Tukima's Dance           Hex            ####....     1%          3    None
 Leda's Liquefaction      Hex/Erth       ####......   3%          4    ###....
 Petrify                  Tmut/Erth      ####....     3%          4    ###....
 Summon Ice Beast         Ice/Summ       ####....     3%          4    ###....
 Summon Lightning Spire   Summ/Air       ####....     3%          4    ###....
 Alistair's Intoxication  Tmut/Pois      ####....     11%         5    #####..
 Bolt of Magma            Conj/Fire/Erth ####......   11%         5    #####..
 Lee's Rapid Deconstruct  Erth           ####......   11%         5    #####..
 Silence                  Hex/Air        ####......   11%         5    #####..
 Summon Mana Viper        Hex/Summ       ####....     11%         5    #####..
 Yara's Violent Unravell  Hex/Tmut       ####......   11%         5    #####..
 Invisibility             Hex            ####....     52%         6    ######.
 Iron Shot                Conj/Erth      ####......   52%         6    ######.
 Statue Form              Tmut/Erth      ####.....    52%         6    ######.
 Summon Hydra             Summ           ####......   97%         7    #######
 Discord                  Hex            ####......   100%        8    #######
 Shatter                  Erth           ####......   100%        9    #######


Dungeon Overview and Level Annotations

Branches:
Dungeon (15/15)            Temple (1/1) D:6            Lair (6/6) D:8
  Swamp (0/4) Lair:2       Spider (4/4) Lair:2        Slime (0/5) Lair:6
    Orc (2/2) D:10            Elf (0/3) Orc:2        Vaults (0/5) D:13
 Depths (0/5) D:15

Altars:
Ashenzari
Cheibriados
Dithmenos
Elyvilon
Fedhas
Gozag
Hepliaklqana
Kikubaaqudgha
Makhleb
Nemelex Xobeh
Okawaru
Qazlal
Ru
Sif Muna
Trog
Uskayaw
Vehumet
Wu Jian
Xom
Yredelemnul
Zin
The Shining One
Beogh
Jiyva

Shops:
D:8 :   D:14 *}   Orc:2 ?*(}


Innate Abilities, Weirdness & Mutations

Your experience applies equally to all skills.
You have very sharp teeth.
Your uncanny sense of smell can sniff out nearby items.


Message History

The fire giant burns you.
* * * LOW HITPOINT WARNING * * *
You hit the fire giant.
The fire giant is lightly wounded.
You hit the fire giant.
The fire giant is moderately wounded.
The fire giant hits you but does no damage.
You hit the fire giant.
The fire giant is moderately wounded.
The fire giant hits you with a +1 great sword of flaming!
* * * LOW HITPOINT WARNING * * *
The fire giant burns you.
* * * LOW HITPOINT WARNING * * *
You slash the fire giant!
The fire giant is moderately wounded.
The fire giant hits you but does no damage.
You slice the fire giant!! Your bite misses the fire giant.
The fire giant is severely wounded.
The fire giant hits you with a +1 great sword of flaming!
You die...

#......§.§.§.
####......§≈≈#§≈
.........≈.#§§≈≈§
...........≈≈≈≈.§≈
............≈≈≈...§≈
...........≈§≈..>..≈#.
#..........C≈.≈...§§§≈..
#..........@≈≈≈≈.≈§§§§§.#
#..........≈.#≈≈≈§≈#.≈..#
#...........$.≈≈#≈≈.....#
#............≈.≈.≈.≈....#
#.......................#
........................#
#########.######.........
#.# #.......... ∆ #.#
#..........


You could see a fire giant.

Vanquished Creatures
  Bai Suzhen (Spider:3)
  Arachne (Spider:3)
  Jorgrun (Orc:1)
  A storm dragon (Spider:4)
  Donald (Spider:4)
  Roxanne (Spider:4)
  A ghost moth (Spider:3)
  6 emperor scorpions
  Louise (Spider:4)
  Aizul (Spider:2)
  2 entropy weavers (Spider:1)
  A stone giant (Orc:2)
  Josephine (D:11)
  Harold (D:9)
  5 hydras
  Erica (D:9)
  A centaur warrior (D:14)
  Fannar (D:12)
  A catoblepas (Lair:6)
  A merfolk avatar (Lair:6)
  The ghost of shalash the Cleaver, a journeyman OpCK of Xom (D:11)
  A tengu warrior (D:14)
  16 two-headed ogres
  3 death yaks (Lair:5)
  6 ogre magi
  Urug (Lair:4)
  Sonja (Lair:3)
  5 skeletal warriors (D:13)
  2 deep trolls (Orc:1)
  2 sea snakes (Lair:6)
  2 unseen horrors
  Pikel (D:6)
  3 wizards
  2 harpies (Lair:6)
  2 orc knights
  A necromancer (D:13)
  16 ugly things
  16 orb spiders
  23 wolf spiders
  2 moths of wrath
  An oklob plant (Lair:1)
  A manticore (Lair:6)
  3 deep elf magi
  3 orc sorcerers
  2 cyclopes
  5 elephants (Lair:6)
  2 centaur zombies (D:11)
  A black mamba (shapeshifter) (D:13)
  3 black mambas
  13 spiny frogs
  A naga mage (D:14)
  A rime drake (shapeshifter) (D:14)
  4 centaur skeletons
  A torpor snail (Spider:3)
  A kobold demonologist (D:10)
  An efreet (D:14)
  3 rime drakes (Lair:6)
  7 komodo dragons
  2 ice devils (D:14)
  7 demonic crawlers
  6 meliai
  A tengu conjurer (D:14)
  31 jumping spiders
  A wolf spider simulacrum (D:14)
  11 trolls
  3 polar bears (Lair:6)
  12 hornets
  14 hippogriffs
  13 blink frogs
  3 spriggans (D:11)
  2 shadows
  6 wyverns
  31 tarantellas
  A centaur simulacrum (D:14)
  60 redbacks
  A water elemental (D:14)
  21 humans
  7 wraiths
  34 yaks
  A hungry ghost (D:12)
  2 hogs (D:9)
  4 basilisks
  A warg (D:10)
  Menkaure (D:4)
  An acid dragon (D:14)
  12 porcupines
  Purgy (D:4)
  15 water moccasins
  17 orc warriors
  Duvessa (D:7)
  A swamp drake (Lair:2)
  A sky beast (D:10)
  5 black bears
  4 ice beasts
  2 slaves
  2 eyes of draining
  20 ogres
  6 wolves
  16 centaurs
  3 boggarts (D:15)
  25 crocodiles
  2 big kobolds (D:8)
  22 bullfrogs
  A wyvern zombie (D:13)
  Dowan (D:7)
  A water moccasin zombie (D:12)
  5 scorpions
  5 wights (D:9)
  5 killer bees (D:8)
  A howler monkey (D:12)
  7 electric eels
  7 crimson imps
  2 quasits
  9 hounds
  2 jellies
  18 orc priests
  2 bullfrog skeletons
  Jessica (D:3)
  4 iguanas
  7 worker ants
  24 orc wizards
  2 hound skeletons
  4 worker ant zombies
  A howler monkey skeleton (D:4)
  13 adders
  4 gnolls (D:2)
  2 shadow imps
  3 white imps (D:14)
  An ooze (D:1)
  3 adder skeletons
  2 worms
  6 leopard geckos
  84 orcs
  2 ball pythons (D:1)
  4 bats
  3 giant cockroaches
  8 goblins
  4 hobgoblins
  3 jackals (D:9)
  13 kobolds
  4 quokkas
  6 frilled lizards
  A leopard gecko skeleton (D:5)
  2 quokka skeletons
  3 rats
  A plant (Lair:1)
902 creatures vanquished.

Vanquished Creatures (others)
  A jumping spider (Spider:3)
  A redback (Spider:1)
  A human (D:7)
  4 bushes (D:8)
  23 fungi
  30 plants
60 creatures vanquished.

Grand Total: 962 creatures vanquished

Notes
Turn   | Place    | Note
-------+----------+-------------------------------------------
     0 | D:1      | Ijustatesigmund the Gnoll Fighter began the quest for the
                  | Orb.
     0 | D:1      | Reached XP level 1. HP: 23/23 MP: 1/1
   305 | D:1      | Reached XP level 2. HP: 29/29 MP: 2/2
   661 | D:2      | Reached XP level 3. HP: 35/35 MP: 3/3
   970 | D:2      | Found a bloodstained altar of Trog.
  1002 | D:2      | Reached skill level 1 in Invocations
  1326 | D:2      | Reached skill level 1 in Short Blades
  1326 | D:2      | Reached skill level 1 in Long Blades
  1326 | D:2      | Reached skill level 1 in Axes
  1326 | D:2      | Reached skill level 1 in Polearms
  1326 | D:2      | Reached skill level 1 in Staves
  1326 | D:2      | Reached skill level 1 in Slings
  1326 | D:2      | Reached skill level 1 in Bows
  1326 | D:2      | Reached skill level 1 in Crossbows
  1326 | D:2      | Reached skill level 1 in Throwing
  1326 | D:2      | Reached skill level 1 in Dodging
  1326 | D:2      | Reached skill level 1 in Stealth
  1326 | D:2      | Reached skill level 1 in Unarmed Combat
  1326 | D:2      | Reached skill level 1 in Spellcasting
  1326 | D:2      | Reached skill level 1 in Evocations
  1329 | D:2      | Reached XP level 4. HP: 41/41 MP: 5/5
  1503 | D:3      | Noticed Jessica
  1505 | D:3      | Reached skill level 1 in Conjurations
  1505 | D:3      | Reached skill level 1 in Hexes
  1505 | D:3      | Reached skill level 1 in Charms
  1505 | D:3      | Reached skill level 1 in Summonings
  1505 | D:3      | Reached skill level 1 in Necromancy
  1505 | D:3      | Reached skill level 1 in Translocations
  1505 | D:3      | Reached skill level 1 in Transmutations
  1505 | D:3      | Reached skill level 1 in Fire Magic
  1505 | D:3      | Reached skill level 1 in Ice Magic
  1505 | D:3      | Reached skill level 1 in Air Magic
  1505 | D:3      | Reached skill level 1 in Earth Magic
  1505 | D:3      | Reached skill level 1 in Poison Magic
  1515 | D:3      | Reached XP level 5. HP: 45/47 MP: 6/6
  1535 | D:3      | Killed Jessica
  2038 | D:4      | Found a hazy altar of Hepliaklqana.
  2043 | D:4      | Found a shadowy altar of Dithmenos.
  2044 | D:4      | Found an iron altar of Okawaru.
  2047 | D:4      | Found a sparkling altar of Nemelex Xobeh.
  2048 | D:4      | Found a snail-covered altar of Cheibriados.
  2049 | D:4      | Found an ornate altar of the Wu Jian Council.
  2049 | D:4      | Found a bloodstained altar of Trog.
  2067 | D:4      | Noticed an ogre
  2080 | D:4      | Killed an ogre
  2080 | D:4      | Reached XP level 6. HP: 53/53 MP: 8/8
  2120 | D:4      | Reached skill level 5 in Maces & Flails
  2352 | D:4      | Noticed Purgy
  2377 | D:5      | Entered Level 5 of the Dungeon
  2394 | D:5      | Reached XP level 7. HP: 59/59 MP: 10/10
  2610 | D:5      | Found a stormy altar of Qazlal.
  3062 | D:6      | Found a staircase to the Ecumenical Temple.
  3085 | Temple   | Entered the Ecumenical Temple
  3408 | D:4      | Killed Purgy
  3408 | D:4      | Reached XP level 8. HP: 67/67 MP: 12/12
  3545 | D:4      | Became a worshipper of Warmaster Okawaru
  3858 | D:4      | Noticed Menkaure
  3866 | D:4      | Killed Menkaure
  4666 | D:6      | Found a stormy altar of Qazlal.
  4668 | D:6      | Found a blossoming altar of Fedhas.
  4745 | D:6      | Reached * piety under Okawaru
  4951 | D:7      | Found an ancient bone altar of Kikubaaqudgha.
  5065 | D:7      | Reached XP level 9. HP: 70/72 MP: 12/14
  5352 | D:7      | Noticed Duvessa
  5352 | D:7      | Noticed Dowan
  5358 | D:7      | Killed Duvessa
  5358 | D:7      | Killed Dowan
  5459 | D:7      | Noticed Pikel
  5650 | D:6      | Killed Pikel
  5650 | D:6      | Reached ** piety under Okawaru
  6261 | D:8      | Got a steaming helmet
  6267 | D:8      | Identified the +0 helmet "Sosch" {rElec rN+ Str-3} (You
                  | found it on level 8 of the Dungeon)
  6282 | D:8      | Reached skill level 5 in Invocations
  6458 | D:8      | Reached *** piety under Okawaru
  6478 | D:8      | Reached XP level 10. HP: 65/80 MP: 14/17
  6636 | D:8      | Received a gift from Okawaru
  6649 | D:8      | Reached skill level 5 in Short Blades
  6649 | D:8      | Reached skill level 5 in Long Blades
  6649 | D:8      | Reached skill level 5 in Axes
  6649 | D:8      | Reached skill level 5 in Polearms
  6649 | D:8      | Reached skill level 5 in Staves
  6649 | D:8      | Reached skill level 5 in Slings
  6649 | D:8      | Reached skill level 5 in Bows
  6649 | D:8      | Reached skill level 5 in Crossbows
  6649 | D:8      | Reached skill level 5 in Throwing
  6649 | D:8      | Reached skill level 5 in Dodging
  6649 | D:8      | Reached skill level 5 in Stealth
  6649 | D:8      | Reached skill level 5 in Unarmed Combat
  6649 | D:8      | Reached skill level 5 in Spellcasting
  6649 | D:8      | Reached skill level 5 in Evocations
  7038 | D:8      | Found a shattered altar of Ashenzari.
  7040 | D:8      | Found a glowing silver altar of Zin.
  7052 | D:8      | Found a staircase to the Lair.
  7204 | D:8      | Found a glowing golden altar of the Shining One.
  7232 | D:8      | Found a white marble altar of Elyvilon.
  7351 | D:8      | Found Roranwyeto's Book Boutique.
  7485 | D:9      | Reached **** piety under Okawaru
  7855 | D:9      | Reached XP level 11. HP: 87/87 MP: 19/19
  7969 | D:9      | Noticed Harold
  7994 | D:9      | Killed Harold
  7994 | D:9      | Received a gift from Okawaru
  8215 | D:9      | Noticed Erica
  8222 | D:9      | Paralysed by Erica for 7 turns
  8243 | D:9      | Killed Erica
  8243 | D:9      | Reached ***** piety under Okawaru
  8243 | D:9      | Reached skill level 5 in Conjurations
  8243 | D:9      | Reached skill level 5 in Hexes
  8243 | D:9      | Reached skill level 5 in Charms
  8243 | D:9      | Reached skill level 5 in Summonings
  8243 | D:9      | Reached skill level 5 in Necromancy
  8243 | D:9      | Reached skill level 5 in Translocations
  8243 | D:9      | Reached skill level 5 in Transmutations
  8243 | D:9      | Reached skill level 5 in Fire Magic
  8243 | D:9      | Reached skill level 5 in Ice Magic
  8243 | D:9      | Reached skill level 5 in Air Magic
  8243 | D:9      | Reached skill level 5 in Earth Magic
  8243 | D:9      | Reached skill level 5 in Poison Magic
  8532 | D:10     | Entered Level 10 of the Dungeon
  8579 | D:10     | Found a staircase to the Orcish Mines.
  9067 | D:10     | Received a gift from Okawaru
 10060 | D:11     | Noticed a two-headed ogre
 10067 | D:11     | Killed a two-headed ogre
 10082 | D:11     | Reached XP level 12. HP: 52/96 MP: 14/22
 10412 | D:11     | Noticed Josephine
 10430 | D:11     | Killed Josephine
 10717 | D:11     | Found a runed translucent door.
 10733 | D:11     | Identified the cursed +1 spear "Zomapn" {flame, MP+9 Int+5
                  | Dex-3 SInv}
 10737 | D:11     | Noticed shalash's ghost (journeyman OpCK)
 10750 | D:11     | Received a gift from Okawaru
 10792 | D:11     | Killed shalash's ghost
 11080 | D:12     | Noticed Fannar
 11120 | D:12     | Killed Fannar
 11146 | D:12     | Noticed a two-headed ogre
 11154 | D:12     | Killed a two-headed ogre
 11154 | D:12     | Received a gift from Okawaru
 11401 | D:12     | Reached skill level 10 in Fighting
 11401 | D:12     | Reached skill level 10 in Armour
 11401 | D:12     | Reached skill level 10 in Shields
 11552 | D:12     | Learned a level 2 spell: Passwall
 11703 | D:12     | Noticed an ogre mage
 11714 | D:12     | Killed an ogre mage
 11714 | D:12     | Reached ****** piety under Okawaru
 11714 | D:12     | Received a gift from Okawaru
 11734 | D:12     | Learned a level 1 spell: Summon Butterflies
 12017 | D:13     | Noticed a four-headed hydra
 12028 | D:13     | Killed a four-headed hydra
 12045 | D:12     | Reached XP level 13. HP: 103/103 MP: 24/24
 12175 | D:13     | Identified Yguimir's Almanac of Noxious Stones
 12366 | D:14     | Received a gift from Okawaru
 12406 | D:14     | Found Ginaunof's Gadget Emporium.
 12459 | D:14     | Received a gift from Okawaru
 12596 | D:14     | Found a glowing silver altar of Zin.
 12608 | D:14     | Received a gift from Okawaru
 12790 | D:14     | Received a gift from Okawaru
 13048 | D:14     | Received a gift from Okawaru
 13312 | D:14     | Received a gift from Okawaru
 13376 | D:14     | Found Huig's Changing Room.
 13384 | D:14     | Bought a potion of mutation for 104 gold pieces
 13445 | D:14     | Found the +12 glaive of Prune {chop}
 13631 | D:14     | Identified the cursed +0 mace "Dragonslayer" {flame, Int+3}
 13732 | D:14     | Reached XP level 14. HP: 101/111 MP: 23/26
 13908 | Lair:1   | Entered Level 1 of the Lair of Beasts
 14080 | Lair:1   | Received a gift from Okawaru
 14622 | Lair:2   | Found a hole to the Spider Nest.
 14833 | Lair:2   | Found a staircase to the Swamp.
 14837 | Lair:2   | Reached skill level 10 in Maces & Flails
 15520 | Lair:3   | Identified a scroll of acquirement
 15523 | Lair:3   | Got a fine rapier
 15524 | Lair:3   | Identified the +0 rapier of the Final Tables {antimagic,
                  | rElec Str+5 Int-4 Dex+2} (You acquired it on level 3 of the
                  | Lair of Beasts)
 15684 | Lair:3   | Noticed Sonja
 15696 | Lair:3   | Killed Sonja
 15807 | Lair:3   | Found the +8 whip "Snakebite" {curare, rPois}
 16313 | Lair:4   | Received a gift from Okawaru
 16536 | Lair:4   | Noticed Urug
 16552 | Lair:4   | Killed Urug
 16965 | Lair:5   | Reached skill level 10 in Invocations
 17869 | Lair:6   | Entered Level 6 of the Lair of Beasts
 18318 | Lair:6   | Reached XP level 15. HP: 104/119 MP: 28/28
 18473 | Lair:6   | Received a gift from Okawaru
 19265 | Lair:6   | Found a viscous altar of Jiyva.
 19265 | Lair:6   | Found a staircase to the Slime Pits.
 19785 | Orc:1    | Entered Level 1 of the Orcish Mines
 19785 | Orc:1    | Noticed Jorgrun
 19818 | Orc:1    | Killed Jorgrun
 20298 | Orc:2    | Entered Level 2 of the Orcish Mines
 20443 | Orc:2    | Found a staircase to the Elven Halls.
 20795 | Orc:1    | Reached skill level 10 in Short Blades
 20795 | Orc:1    | Reached skill level 10 in Long Blades
 20795 | Orc:1    | Reached skill level 10 in Axes
 20795 | Orc:1    | Reached skill level 10 in Polearms
 20795 | Orc:1    | Reached skill level 10 in Staves
 20795 | Orc:1    | Reached skill level 10 in Slings
 20795 | Orc:1    | Reached skill level 10 in Bows
 20795 | Orc:1    | Reached skill level 10 in Crossbows
 20795 | Orc:1    | Reached skill level 10 in Throwing
 20795 | Orc:1    | Reached skill level 10 in Dodging
 20795 | Orc:1    | Reached skill level 10 in Stealth
 20795 | Orc:1    | Reached skill level 10 in Unarmed Combat
 20795 | Orc:1    | Reached skill level 10 in Spellcasting
 20795 | Orc:1    | Reached skill level 10 in Evocations
 21435 | Orc:2    | Found Befreudu's Weapon Shoppe.
 21436 | Orc:2    | Found Gecess's Magic Scroll Boutique.
 21825 | Orc:1    | Received a gift from Okawaru
 22111 | Orc:1    | Identified the +7 battleaxe "Siohocli" {venom, *Drain MR+++
                  | Dex+4} (Okawaru gifted it to you on level 1 of the Orcish
                  | Mines)
 22289 | Orc:1    | Found a roughly hewn altar of Beogh.
 22400 | Orc:2    | Found Ommig's General Store.
 22439 | Orc:2    | Found Emaluz's Gadget Shop.
 22558 | Orc:2    | Bought a scroll of blinking for 75 gold pieces
 22558 | Orc:2    | Bought a scroll of fog for 20 gold pieces
 22558 | Orc:2    | Bought a scroll of magic mapping for 35 gold pieces
 22832 | Orc:2    | Bought a scroll of holy word for 75 gold pieces
 22832 | Orc:2    | Bought a scroll of teleportation for 30 gold pieces
 23000 | Spider:1 | Entered Level 1 of the Spider Nest
 23550 | Spider:1 | Reached XP level 16. HP: 116/127 MP: 30/30
 23597 | Spider:1 | Received a gift from Okawaru
 23860 | Spider:1 | Learned a level 4 spell: Cause Fear
 23864 | Spider:1 | Learned a level 3 spell: Spider Form
 24625 | Spider:2 | Learned a level 1 spell: Apportation
 24629 | Spider:2 | Learned a level 3 spell: Lesser Beckoning
 25462 | Spider:2 | Noticed Aizul
 25544 | Spider:2 | Killed Aizul
 25871 | Spider:2 | Got an ancient hand axe
 25872 | Spider:2 | Identified the +6 hand axe "Aceufu Maneo" {venom, Int+3}
                  | (You found it on level 2 of the Spider Nest)
 26012 | Spider:3 | Noticed Bai Suzhen
 26241 | Spider:3 | Noticed Arachne
 26266 | Spider:3 | Killed Arachne
 26640 | Spider:3 | Killed Bai Suzhen
 26640 | Spider:3 | Received a gift from Okawaru
 26687 | Spider:3 | Got a smoking buckler {god gift}
 26697 | Spider:2 | Identified the +0 buckler of the Harvest Moon {rPois rN+
                  | Str+4 Dex-4} (Okawaru gifted it to you on level 3 of the
                  | Spider Nest)
 27229 | Spider:3 | Learned a level 6 spell: Deflect Missiles
 27925 | Spider:4 | Entered Level 4 of the Spider Nest
 28192 | Spider:4 | Reached XP level 17. HP: 119/135 MP: 32/32
 29396 | Spider:4 | Identified Roxanne's Grimoire of Transmutation
 29396 | Spider:4 | Noticed Roxanne
 29786 | Spider:4 | Noticed Donald
 29794 | Spider:4 | Killed Donald
 29794 | Spider:4 | Received a gift from Okawaru
 30007 | Spider:4 | Killed Roxanne
 30116 | Spider:4 | Noticed Louise
 30138 | Spider:4 | Killed Louise
 30728 | Spider:4 | Received a gift from Okawaru
 31307 | Spider:4 | Received a gift from Okawaru
 31378 | Spider:4 | Got a gossamer rune of Zot
 31672 | D:13     | Found the +5 demon whip "Spellbinder" {antimagic, MR+}
 32143 | D:13     | Found a gate to the Vaults.
 32709 | D:15     | Entered Level 15 of the Dungeon
 33275 | D:15     | Found a staircase to the Depths.
 33292 | D:15     | HP: 5/136 [fire giant/+1 great sword of flaming (8)]
 33292 | D:15     | HP: 1/136 [fire giant/+1 great sword of flaming (4)]
 33294 | D:15     | Mangled by a fire giant

Levels and vault maps discovered:
D:1:      scummos_arrival_checkerplants, layout_loops_cross
D:2:      layout_basic, first_ration, minivault_24, trog_butcher_becter
D:3:      layout_rooms, uniq_jessica
D:4:      layout_loops_corners, grunt_temple_overflow_open, uniq_purgy,
          uniq_menkaure
D:5:      layout_basic, minmay_holes, nicolae_qazlal_eye_of_the_storm
D:6:      nicolae_whirlpool, layout_loops_corners,
          grunt_temple_overflow_forces_of_nature, minmay_temple_entry_slanted,
          kennysheep_generic_room_4
D:7:      layout_gridville, tgw_kikubaaqudgha, uniq_pikel, uniq_duvessa
D:8:      layout_basic, nicolae_overflow_hidden_temple, minmay_lair_entry_grove,
          serial_shops, shop
D:9:      layout_irregular_city, grunt_livestock, uniq_erica, uniq_harold
D:10:     layout_loops_corners, erik_orc_3
D:11:     layout_loops_ring, ebering_ghost_funeral_grove, uniq_josephine
D:12:     layout_loops_ring, drop_trap, minmay_librarian, uniq_fannar
D:13:     layout_rooms, grunt_vaults_entry_tiered
D:14:     layout_loops_ring, minmay_crystal_water, serial_shops, shop,
          basic_altar, serial_ice, serial_ice_i, serial_ice_e, serial_ice_c,
          serial_ice_b, portal_ice_cave_demonic_guard,
          nicolae_transmutations_shop, minmay_guarded_unrand_prune
D:15:     grunt_enter_depths_giant_problem, layout_irregular_city, basic_altar,
          chequers_jeans
Temple:   jpeg_temple_island
Lair:1:   layout_loops_ring, minmay_lair_oklob_chamber, grunt_megastairs_4
Lair:2:   layout_gridlike, minmay_swamp_entry_reptiles, dummy_spider_entry,
          wad_woods_river_02, infiniplex_staircase_pool
Lair:3:   minmay_guarded_unrand_snakebite, layout_gridlike,
          serial_bayou_shore_a, uniq_sonja
Lair:4:   layout_gridlike, cheibrodos_lair_caveside_slide, uniq_urug
Lair:5:   layout_gridlike, lemuel_fruit_tree
Lair:6:   gammafunk_lair_ancient_temple, layout_small_grid,
          dpeg_slime_entry_enclosed_altar, minivault_19
Spider:1: layout_spider_delve, drop_trap, guppyfry_hornet_nest
Spider:2: layout_spider_delve, uniq_aizul
Spider:3: layout_spider_delve, uniq_bai_suzhen, uniq_arachne
Spider:4: grunt_spider_rune_circles, drop_trap, uniq_roxanne, uniq_louise,
          uniq_donald
Orc:1:    layout_caves, mines1_david, uniq_jorgrun
Orc:2:    st_orc_open, layout_caves, abandoned_shop

Skill      XL: |  1  2  3  4  5  6  7  8  9 10 11 12 13 14 15 16 17 |
---------------+----------------------------------------------------+-----
Invocations    | 1 2 3 4 5 6 7 8 9 10 11 12 | 12.5
Short Blades   | 1 2 3 4 5 6 7 8 9 10 11 | 11.6
Long Blades    | 1 2 3 4 5 6 7 8 9 10 11 | 11.6
Axes           | 1 2 3 4 5 6 7 8 9 10 11 | 11.6
Polearms       | 1 2 3 4 5 6 7 8 9 10 11 | 11.6
Staves         | 1 2 3 4 5 6 7 8 9 10 11 | 11.6
Slings         | 1 2 3 4 5 6 7 8 9 10 11 | 11.6
Bows           | 1 2 3 4 5 6 7 8 9 10 11 | 11.6
Crossbows      | 1 2 3 4 5 6 7 8 9 10 11 | 11.6
Throwing       | 1 2 3 4 5 6 7 8 9 10 11 | 11.6
Dodging        | 1 2 3 4 5 6 7 8 9 10 11 | 11.6
Stealth        | 1 2 3 4 5 6 7 8 9 10 11 | 11.6
Unarmed Combat | 1 2 3 4 5 6 7 8 9 10 11 | 11.6
Spellcasting   | 1 2 3 4 5 6 7 8 9 10 11 | 11.6
Evocations     | 1 2 3 4 5 6 7 8 9 10 11 | 11.6
Conjurations   | 1 2 3 4 5 6 7 8 9 |  9.9
Hexes          | 1 2 3 4 5 6 7 8 9 |  9.9
Charms         | 1 2 3 4 5 6 7 8 9 |  9.9
Summonings     | 1 2 3 4 5 6 7 8 9 |  9.9
Necromancy     | 1 2 3 4 5 6 7 8 9 |  9.9
Translocations | 1 2 3 4 5 6 7 8 9 |  9.9
Transmutations | 1 2 3 4 5 6 7 8 9 |  9.9
Fire Magic     | 1 2 3 4 5 6 7 8 9 |  9.9
Ice Magic      | 1 2 3 4 5 6 7 8 9 |  9.9
Air Magic      | 1 2 3 4 5 6 7 8 9 |  9.9
Earth Magic    | 1 2 3 4 5 6 7 8 9 |  9.9
Poison Magic   | 1 2 3 4 5 6 7 8 9 |  9.9
Maces & Flails | 5 6 7 8 9 10 11 12 | 12.3
Fighting       | 7 8 9 10 11 12 13 | 13.0
Armour         | 7 8 9 10 11 12 13 | 13.0
Shields        | 7 8 9 10 11 12 13 | 13.0

Action                   |  1- 3 |  4- 6 |  7- 9 | 10-12 | 13-15 | 16-18 || total
-------------------------+-------+-------+-------+-------+-------+-------++-------
Melee: Flail             |   110 |    42 |       |       |       |       ||   152
       Bite              |    16 |    13 |    42 |   140 |   153 |   131 ||   495
       Mace              |       |    73 |   398 |   165 |       |       ||   636
       Morningstar       |       |       |       |   752 |   435 |       ||  1187
       Spear             |       |       |       |       |    54 |       ||    54
       Glaive            |       |       |       |       |   681 |   584 ||  1265
       War axe           |       |       |       |       |    74 |       ||    74
       Whip              |       |       |       |       |    45 |   418 ||   463
Throw: Javelin           |       |       |     5 |    11 |    40 |    98 ||   154
 Cast: Passwall          |       |       |       |       |       |     7 ||     7
       Spider Form       |       |       |       |       |       |     1 ||     1
       Cause Fear        |       |       |       |       |       |     1 ||     1
       Apportation       |       |       |       |       |       |     1 ||     1
Invok: Heroism           |       |       |     1 |    10 |    10 |    12 ||    33
       Finesse           |       |       |       |     1 |     1 |     3 ||     5
Evoke: Wand              |       |       |     8 |    14 |    16 |    27 ||    65
  Use: Scroll            |     3 |     1 |    10 |     4 |    27 |    10 ||    55
       Potion            |     1 |     1 |     1 |       |     4 |    16 ||    23
 Stab: Sleeping          |     2 |     4 |     2 |    11 |    33 |    11 ||    63
       Paralysed         |       |       |       |     4 |       |     1 ||     5
       Confused          |       |       |       |     1 |     1 |       ||     2
       Distracted        |       |       |       |       |     4 |     2 ||     6
       Invisible         |       |       |       |       |       |     2 ||     2
       Held in net/web   |       |       |       |       |       |     2 ||     2
  Eat: Chunk             |     1 |     4 |     7 |    19 |    24 |     7 ||    62
       Ration            |       |       |     2 |       |     6 |     7 ||    15
Armor: Scale mail        |    34 |       |       |       |       |       ||    34
       Troll leather arm |     6 |    19 |    18 |       |       |       ||    43
       Pearl dragon scal |       |       |   106 |   299 |   728 |   671 ||  1804
Dodge: Dodged            |    34 |    48 |   179 |   399 |  1442 |   980 ||  3082
       Deflected         |       |       |       |       |       |     5 ||     5
Block: Shield            |    65 |    61 |   255 |   544 |   425 |   255 ||  1605

Table legend:
 A = Non-vault XP
 B = Vault XP
 C = Vault XP percentage of total XP
 D = Non-vault monster count
 E = Vault monster count
 F = Vault count percentage of total count
                 A         B        C        D         E       F
            +---------+---------+-------+---------+---------+-------
      Total |  135632 |   98400 |  42.0 |     667 |     233 |  25.9
            +---------+---------+-------+---------+---------+-------
        D:1 |      31 |       0 |   0.0 |      15 |       0 |   0.0
        D:2 |      79 |       9 |  10.2 |      17 |       4 |  19.0
        D:3 |     111 |      37 |  25.0 |      17 |       1 |   5.6
        D:4 |     352 |     307 |  46.6 |      12 |       2 |  14.3
        D:5 |     326 |       0 |   0.0 |      15 |       0 |   0.0
        D:6 |     831 |     800 |  49.0 |      23 |       2 |   8.0
        D:7 |     709 |     213 |  23.1 |      18 |       2 |  10.0
        D:8 |    1546 |    1834 |  54.3 |      42 |      11 |  20.8
        D:9 |    2733 |    3010 |  52.4 |      26 |       7 |  21.2
       D:10 |    3516 |     573 |  14.0 |      31 |      18 |  36.7
       D:11 |    5034 |    3646 |  42.0 |      30 |      11 |  26.8
       D:12 |    4130 |    1806 |  30.4 |      14 |       2 |  12.5
       D:13 |   10763 |    5310 |  33.0 |      38 |      23 |  37.7
       D:14 |   12245 |    5723 |  31.9 |      25 |      17 |  40.5
       D:15 |    6669 |       0 |   0.0 |      19 |       0 |   0.0
     Lair:1 |    1195 |    2276 |  65.6 |       8 |       5 |  38.5
     Lair:2 |    1872 |     604 |  24.4 |      12 |       6 |  33.3
     Lair:3 |    4359 |    1321 |  23.3 |      25 |       7 |  21.9
     Lair:4 |    2835 |     855 |  23.2 |      13 |       1 |   7.1
     Lair:5 |    9868 |       0 |   0.0 |      31 |       0 |   0.0
     Lair:6 |    8474 |   10418 |  55.1 |      25 |      26 |  51.0
   Spider:1 |   15136 |    1122 |   6.9 |      42 |       4 |   8.7
   Spider:2 |   12014 |    1574 |  11.6 |      42 |       1 |   2.3
   Spider:3 |   16513 |    9354 |  36.2 |      39 |       2 |   4.9
   Spider:4 |    8800 |   27917 |  76.0 |      30 |      43 |  58.9
      Orc:1 |    3018 |   13122 |  81.3 |      28 |      21 |  42.9
      Orc:2 |    2473 |    6569 |  72.6 |      30 |      17 |  36.2
            +---------+---------+-------+---------+---------+-------
